 Dungeon Crawl Stone Soup version 0.26-a0-966-gd078a86f14 (webtiles) character file.

Game seed: 13446070106019317989

3273 marklar909 the Grappler (level 9, -11/85 HPs)
             Began as a Troll Fighter on Dec 3, 2020.
             Was a Believer of Qazlal.
             Killed from afar by Harold (22 damage)
             ... with a harpoon shot
             ... on level 7 of the Dungeon on Dec 4, 2020.
             The game lasted 00:05:39 (4973 turns).

marklar909 the Grappler (Troll Fighter)             Turns: 4973, Time: 00:05:39

Health: -11/85     AC: 10    Str: 26    XL:     9   Next: 68%
Magic:  3/10       EV: 10    Int:  4    God:    Qazlal [**....]
Gold:   346        SH: 12    Dex: 12    Spells: 8/8 levels left

rFire    . . .     SeeInvis .     - Unarmed
rCold    . . .     Faith    .   b - +0 kite shield
rNeg     . . .     Spirit   .   G - +0 acid dragon scales
rPois    .         Reflect  .   (helmet restricted)
rElec    .         Harm     .   (no cloak)
rCorr    +         Rampage  .   (gloves unavailable)
MR       .....                  (boots unavailable)
Stlth    +.........             (no amulet)
HPRegen  0.64/turn              (no ring)
MPRegen  0.12/turn              (no ring)

@: marked, very slightly contaminated, invisible
A: large, unfitting armour, claws 3, regeneration 1, shaggy fur 1, tough skin 3
a: Upheaval, Renounce Religion


You were on level 7 of the Dungeon.
You worshipped Qazlal.
Qazlal was pleased with you.
You visited 1 branch of the dungeon, and saw 7 of its levels.

You collected 346 gold pieces.

Inventory:

Missiles
 u - 3 javelins (quivered)
Armour
 b - a +0 kite shield (worn)
 G - +0 acid dragon scales (worn)
Jewellery
 f - an uncursed ring of see invisible {unknown}
 o - a cursed -4 ring of strength {unknown}
 q - an uncursed ring of protection from cold {unknown}
 A - an uncursed ring of protection from cold {unknown}
 D - an uncursed ring of positive energy {unknown}
Wands
 s - a wand of polymorph (11)
 w - a wand of acid (13)
 y - a wand of random effects (15)
 z - a wand of iceblast (10)
Scrolls
 a - a scroll of brand weapon {unknown}
 d - 5 scrolls of remove curse {unknown}
 e - 5 scrolls of identify {unknown}
 k - a scroll of enchant weapon {unknown}
 m - a scroll of random uselessness {unknown}
 n - 4 scrolls of teleportation {unknown}
 p - a scroll of fog {unknown}
 r - 2 scrolls of magic mapping {unknown}
 t - 3 scrolls of blinking {unknown}
 C - a scroll of enchant armour {unknown}
Potions
 c - a potion of might
 g - a potion of invisibility
 h - 3 potions of ambrosia {unknown}
 i - 3 potions of curing {unknown}
 j - 2 potions of haste {unknown}
 l - 2 potions of degeneration {unknown}
 v - 2 potions of brilliance {unknown}
 x - a potion of cancellation {unknown}
 B - a potion of magic {unknown}
 E - 2 potions of heal wounds {unknown}
 F - a potion of attraction {unknown}


   Skills:
 * Level 4.6 Fighting
 * Level 1.1 Armour
 * Level 5.6 Dodging
 + Level 1.2 Stealth
 + Level 5.2 Shields
 + Level 8.9 Unarmed Combat
 * Level 3.1 Invocations


You had 8 spell levels left.
You didn't know any spells.
Your spell library contained the following spells:

 Spells                   Type           Power        Failure   Level
 Chain Lightning          Conj/Air       #.........   100%        8
 Lehudib's Crystal Spear  Conj/Erth      #.........   100%        8
 Absolute Zero            Ice            #.........   100%        9
 Fire Storm               Conj/Fire      #.........   100%        9


Dungeon Overview and Level Annotations

Branches:
Dungeon (7/15)             Temple (0/1) D:4

Altars:
Elyvilon
Fedhas
Makhleb
Qazlal
Ru
Xom

Annotations:
D:7 Harold


Innate Abilities, Weirdness & Mutations

You are too large for most types of armour.
You have claws for hands.
Your natural rate of healing is unusually fast.
You are covered in fur. (AC +1)
You have extremely tough skin. (AC +3)


Message History

Harold is severely wounded.
You scratch Harold.
Harold is severely wounded.
Harold hits you with a +0 halberd!!
* * * LOW HITPOINT WARNING * * *
You scratch Harold but do no damage.
Harold is severely wounded.
Harold says, "Ah, this is what I got into this business for!"
You block Harold's attack.
Unknown command.
You fade into invisibility!
Harold hits you with a +0 halberd!
* * * LOW HITPOINT WARNING * * *
You are very lightly contaminated with residual magic.
Unknown command.
Okay, then.
There is a stone staircase leading down here.
Harold fires a harpoon shot at you. The harpoon shot hits you!!
You die...

.................#
####..####...#####
#.## ##### #.# #.#
#.# #.#
#.##############
#.(.......@..@.#
..##########.#
#####.###
#.......#
#..##.#.#
#..##.#.#
#..##.#.#
#.....#.# ##+##
#...†...#


You could see Harold.

Vanquished Creatures
  Pikel (D:5)
  A centaur skeleton (D:7)
  Maggie (D:7)
  Sigmund (D:3)
  Menkaure (D:6)
  A water moccasin (D:7)
  A sky beast (D:5)
  Purgy (D:3)
  A necrophage (D:7)
  An ogre (D:6)
  A centaur (D:7)
  8 bullfrogs
  3 scorpions
  A water moccasin skeleton (D:6)
  2 jellies
  A bullfrog skeleton (D:4)
  2 iguanas (D:6)
  2 orc priests (D:3)
  Jessica (D:2)
  Terence (D:2)
  4 orc wizards
  4 worker ants
  A hound zombie (D:7)
  A hound skeleton (D:4)
  A howler monkey zombie (D:7)
  A worker ant zombie (D:7)
  Robin (D:2)
  6 adders
  An ufetubus (D:5)
  An ooze (D:5)
  An adder zombie (D:6)
  An adder skeleton (D:6)
  5 dart slugs
  2 leopard geckos (D:7)
  14 orcs
  A ball python (D:3)
  8 giant cockroaches
  11 goblins
  10 hobgoblins
  16 jackals
  A kobold (D:1)
  5 quokkas
  6 bats
  6 frilled lizards
  A giant cockroach zombie (D:4)
  2 leopard gecko skeletons (D:4)
  A leopard gecko zombie (D:7)
  7 rats
151 creatures vanquished.

Vanquished Creatures (others)
  A plant (D:6)
1 creature vanquished.

Grand Total: 152 creatures vanquished

Notes
Turn   | Place    | Note
-------+----------+-------------------------------------------
     0 | D:1      | marklar909 the Troll Fighter began the quest for the Orb.
     0 | D:1      | Reached XP level 1. HP: 22/22 MP: 0/0
    89 | D:1      | Reached XP level 2. HP: 29/29 MP: 1/1
   419 | D:1      | Reached XP level 3. HP: 36/36 MP: 2/2
   888 | D:2      | Noticed Terence
   897 | D:2      | Killed Terence
  1097 | D:2      | Noticed Jessica
  1100 | D:2      | Reached XP level 4. HP: 44/44 MP: 3/3
  1121 | D:2      | Killed Jessica
  1122 | D:2      | Reached skill level 3 in Unarmed Combat
  1156 | D:2      | Noticed Robin
  1264 | D:2      | Killed Robin
  1505 | D:2      | Found a blossoming altar of Fedhas.
  1553 | D:3      | Reached XP level 5. HP: 39/52 MP: 4/4
  1707 | D:3      | Noticed Purgy
  1723 | D:3      | Killed Purgy
  1724 | D:3      | Reached skill level 4 in Unarmed Combat
  1724 | D:3      | Reached XP level 6. HP: 31/59 MP: 5/5
  2056 | D:3      | Found a stormy altar of Qazlal.
  2168 | D:3      | Noticed Sigmund
  2178 | D:3      | Killed Sigmund
  2472 | D:3      | Became a worshipper of Qazlal Stormbringer
  2528 | D:4      | Found a staircase to the Ecumenical Temple.
  2533 | D:4      | Reached skill level 5 in Unarmed Combat
  2533 | D:4      | Reached XP level 7. HP: 63/67 MP: 6/6
  2880 | D:4      | Found a sacrificial altar of Ru.
  2930 | D:5      | Entered Level 5 of the Dungeon
  2947 | D:5      | Noticed Pikel
  2978 | D:5      | Killed Pikel
  2979 | D:5      | Reached skill level 6 in Unarmed Combat
  2979 | D:5      | Reached XP level 8. HP: 35/75 MP: 7/7
  3086 | D:5      | Found a burning altar of Makhleb.
  3110 | D:5      | Reached skill level 1 in Stealth
  3218 | D:5      | Reached skill level 7 in Unarmed Combat
  3633 | D:6      | Reached skill level 1 in Invocations
  3641 | D:6      | Reached * piety under Qazlal
  3796 | D:6      | Noticed Menkaure
  3806 | D:6      | Killed Menkaure
  3807 | D:6      | Reached skill level 5 in Dodging
  3907 | D:6      | Reached XP level 9. HP: 80/84 MP: 9/9
  4392 | D:7      | Noticed Maggie
  4393 | D:7      | Reached skill level 8 in Unarmed Combat
  4407 | D:7      | Killed Maggie
  4408 | D:7      | Reached skill level 5 in Shields
  4621 | D:7      | Reached ** piety under Qazlal
  4675 | D:7      | Found a shimmering altar of Xom.
  4676 | D:7      | Found a shimmering altar of Xom.
  4676 | D:7      | Found a shimmering altar of Xom.
  4678 | D:7      | Found a shimmering altar of Xom.
  4679 | D:7      | Found a shimmering altar of Xom.
  4680 | D:7      | Found a shimmering altar of Xom.
  4747 | D:7      | Found a white marble altar of Elyvilon.
  4849 | D:7      | Reached skill level 1 in Armour
  4947 | D:7      | Noticed Harold
  4973 | D:7      | Killed from afar by Harold

Illustrated notes

Levels and vault maps discovered:
D:1:      nzn_arrival_water_spiral, layout_loops_ring, minmay_misc_feat_encased,
          hangedman_decor_diamond_cutter
D:2:      layout_basic, lemuel_coloured_pillars_altar, uniq_terence,
          uniq_jessica, uniq_robin
D:3:      layout_basic, grunt_qazlal_clouds, uniq_purgy, uniq_sigmund
D:4:      layout_basic, minmay_temple_entry_tees,
          nicolae_ru_great_annihilating_truth
D:5:      layout_basic, bloody_makhleb, minmay_between, uniq_pikel
D:6:      layout_basic, corexii_shack, hangedman_decor_growths, uniq_menkaure,
          uniq_edmund
D:7:      layout_loops_corners, basic_altar, hangedman_decor_lopped,
          xom_shifter_show, uniq_maggie, uniq_harold

Skill      XL: |  1  2  3  4  5  6  7  8  9 |
---------------+----------------------------+-----
Dodging        | 3 4 5 |  5.6
Shields        | 3 4 5 |  5.2
Unarmed Combat | 3 4 5 6 7 8 |  8.9
Fighting       | 3 4 |  4.6
Stealth        | 1 |  1.2
Invocations    | 2 3 |  3.1
Armour         | 1 |  1.1

Action                   |  1- 3 |  4- 6 |  7- 9 || total
-------------------------+-------+-------+-------++-------
Melee: Unarmed           |    89 |   116 |   270 ||   475
Throw: Javelin           |       |       |     2 ||     2
Invok: Upheaval          |       |       |     2 ||     2
  Use: Potion            |       |       |     1 ||     1
 Stab: Distracted        |     1 |       |       ||     1
       Paralysed         |       |       |     1 ||     1
Armor: Robe              |    28 |    52 |    33 ||   113
       Acid dragon scale |       |       |    18 ||    18
Dodge: Dodged            |    20 |    46 |    88 ||   154
Block: Kite shield       |    26 |    67 |   124 ||   217

Table legend: (Time is in decaauts)
 A = Elapsed time spent in this place.
 B = Non-inter-level travel time spent in this place.
 C = Inter-level travel time spent in this place.
 D = Time resting spent in this place.
 E = Time spent auto-exploring this place.
 F = Levels seen in this place.
 G = Mean time per level.
                   A        B        C        D        E       F      G
               +--------+--------+--------+--------+--------+-----+--------+
         Total |   4967 |   4679 |    288 |     60 |   3677 |   7 |  709.6 |
       Dungeon |   4967 |   4679 |    288 |     60 |   3677 |   7 |  709.6 |
               +--------+--------+--------+--------+--------+-----+--------+

Top non-repeatable levels by time:
     D:3: 972 daAuts
     D:2: 827 daAuts
     D:1: 773 daAuts
     D:6: 751 daAuts
     D:7: 635 daAuts
     D:5: 635 daAuts
     D:4: 371 daAuts
